 Dungeon Crawl Stone Soup version 0.26.1 (webtiles) character file.

Game seed: 16510271587110175913

3670 windgrace the Thaumaturge (level 9, -4/70 HPs)
             Began as a Purple Draconian Conjurer on Feb 8, 2021.
             Was a Believer of Qazlal.
             Collided with a rock wall (8 damage)
             ... caused by Erica
             ... on level 8 of the Dungeon.
             The game lasted 01:42:44 (10551 turns).

windgrace the Thaumaturge (DrCj)                   Turns: 10551, Time: 01:42:48

Health: -4/70      AC:  8    Str: 10    XL:     9   Next: 89%
Magic:  2/22       EV: 12    Int: 22    God:    Qazlal [**....]
Gold:   337        SH:  3    Dex:  6    Spells: 15/26 levels left

rFire    + + .     SeeInvis .   M - staff of conjuration
rCold    + . .     Faith    +   (no shield)
rNeg     + + .     Spirit   .   (armour unavailable)
rPois    .         Reflect  .   (helmet restricted)
rElec    .         Harm     +   C - scarf {repulsion}
rCorr    .         Rampage  .   (no gloves)
Will     +....                  L - +0 pair of boots of Insatiable Hunger {Harm rF+ rN++ Dex-3}
Stlth    ++........             y - amulet of faith
HPRegen  0.21/turn              e - ring of protection from fire
MPRegen  0.18/turn              u - ring of protection from cold

@: lethally poisoned (-4 -> -16), repel missiles
A: breathe power, unfitting armour, cold-blooded, AC +7
a: Breathe Dispelling Energy, Renounce Religion, Upheaval


You were on level 8 of the Dungeon.
You worshipped Qazlal.
Qazlal was pleased with you.
You visited 2 branches of the dungeon, and saw 9 of its levels.

You collected 337 gold pieces.

Inventory:

Hand Weapons
 h - a +2 dagger of speed
 j - a +0 dagger
 p - a +0 hunting sling
 s - a +0 shortbow
 v - a +2 halberd of freezing
 G - a -3 dagger
 K - the +2 war axe "Naep" {pain, Dex+4, unknown}
   (You found it on level 7 of the Dungeon)

   In the hands of one skilled in necromantic magic, it inflicts extra damage on
   living creatures.
   It affects your dexterity (+4).
Missiles
 k - 316 arrows
 r - 317 stones (quivered)
 H - 2 boomerangs
Armour
 b - a +0 robe
 C - a scarf of repulsion (worn)
 L - the +0 pair of boots of Insatiable Hunger (worn) {Harm rF+ rN++ Dex-3}
   (You found it on level 8 of the Dungeon)

   It affects your dexterity (-3).
   It protects you from fire.
   It greatly protects you from negative energy.
   It increases damage dealt and taken.
Magical Staves
 M - an uncursed staff of conjuration (weapon)
Jewellery
 e - a ring of protection from fire (left hand)
 u - a ring of protection from cold (right hand)
 y - an amulet of faith (around neck)
 A - an uncursed ring of stealth
 B - an uncursed ring of teleportation
 E - an uncursed ring of protection from cold
Wands
 c - a wand of flame (12)
 w - a wand of digging (6)
 D - a wand of acid (6)
 N - a wand of polymorph (11)
Scrolls
 a - 4 scrolls of magic mapping
 g - 6 scrolls of identify
 l - 2 scrolls of blinking
 m - 2 scrolls of fog {unknown}
 n - 3 scrolls of enchant armour
 q - 2 scrolls of fear
 t - 2 scrolls of teleportation
 J - a scroll of remove curse
Potions
 d - a potion of brilliance {unknown}
 f - a potion of berserk rage {unknown}
 i - a potion of lignification {unknown}
 o - 2 potions of heal wounds
 x - 3 potions of cancellation
 z - 2 potions of curing {unknown}
 F - a potion of degeneration {unknown}
 I - a potion of mutation {unknown}


   Skills:
 + Level 3.5 Fighting
 + Level 4.5 Short Blades
 + Level 0.3 Polearms
 + Level 0.4 Throwing
 + Level 3.6 Dodging
 + Level 4.1 Stealth
 + Level 0.7 Unarmed Combat
 + Level 9.2 Spellcasting
 + Level 8.6 Conjurations
 + Level 3.1 Hexes
 + Level 1.3 Translocations
 + Level 0.3 Evocations


You had 15 spell levels left.
You knew the following spells:

 Your Spells              Type           Power        Failure   Level
a - Magic Dart            Conj           100%         1%          1
b - Searing Ray           Conj           100%         1%          2
c - Fulminant Prism       Conj/Hex       26%          6%          4
d - Iskenderun's Mystic   Conj/Tloc      48%          9%          4

Your spell library contained the following spells:

 Spells                   Type           Power        Failure   Level
 Dazzling Flash           Conj/Hex       100%         1%          3


Dungeon Overview and Level Annotations

Branches:
Dungeon (8/15)             Temple (1/1) D:5
   Lair: D:8-11

Altars:
Ashenzari
Cheibriados
Dithmenos
Elyvilon
Fedhas
Gozag
Hepliaklqana
Kikubaaqudgha
Makhleb
Nemelex Xobeh
Okawaru
Qazlal
Ru
Sif Muna
Trog
Uskayaw
Vehumet
Wu Jian
Xom
Yredelemnul
Zin
The Shining One

Shops:
D:8 *

Annotations:
D:8 Erica


Innate Abilities, Weirdness & Mutations

You can breathe bolts of dispelling energy.
Your rich purple scales are hard. (AC +7)
You cannot fit into any form of body armour.
You are cold-blooded and may be slowed by cold attacks.


Message History

The killer bee poisons you!
The killer bee stings you but does no damage. x2
Casting: Iskenderun's Mystic Blast (dangerous; 9% risk of failure)
Confirm with . or Enter, or press ? or * to list all spells.
Aiming: Searing Ray (safe; 1% risk of failure)
Press: ? - help, Shift-Dir - straight line, f - killer bee
Aim: a killer bee (heavily wounded, 35% to evade)
You feel a surge of power!
The searing ray hits the killer bee!
You kill the killer bee!
Qazlal accepts your kill. (Press . to maintain the ray.)
You feel sick.
You feel sick.
You hear some strange, mumbled words.
A lance of force appears from out of thin air!
The lance of force hits you!!
* * * LOW HITPOINT WARNING * * *
You are knocked back by the lance of force.
You slam into the rock wall!
You die...

##...# ..#
#....#..##.
#....#.....
.))†......
#.†..)...# #. ##
###.).).....
#..##.##..)).......
.......○{†....†....
∩......@...........
.....##..###.......
#........##.........
#..#................
##.......#......
#.......###.... ..
###...#.#...#.....[.
#....#.....# ......
###........##......


There were no monsters in sight!

Vanquished Creatures
  Grinder (D:6)
  Menkaure (D:7)
  2 sky beasts
  2 orc warriors (D:7)
  A phantom (D:5)
  2 necrophages (D:7)
  4 centaurs
  2 ogres
  3 bullfrogs
  A wyvern skeleton (D:6)
  6 killer bees (D:8)
  8 wights
  A vampire bat (D:3)
  A crimson imp (D:5)
  6 hounds
  A jelly (D:7)
  A centaur skeleton (D:6)
  13 orc wizards
  2 bullfrog skeletons
  5 orc priests
  An iguana (D:8)
  5 worker ants
  A hound zombie (D:7)
  A hound skeleton (D:4)
  3 gnolls (D:4)
  13 adders
  2 shadow imps (D:7)
  A white imp (D:5)
  3 ufetubi
  A worm (D:3)
  2 dart slugs
  The ghost of dylex the Sneak, a weakling FeDe of Wu Jian (D:5)
  3 leopard geckos
  37 orcs
  4 ball pythons
  17 bats
  7 giant cockroaches
  10 hobgoblins
  16 jackals
  A quokka (D:5)
  5 frilled lizards
  6 goblins
  7 kobolds
  6 rats
216 creatures vanquished.

Vanquished Creatures (others)
  19 fulminant prisms
19 creatures vanquished.

Grand Total: 235 creatures vanquished

Notes
Turn   | Place    | Note
-------+----------+-------------------------------------------
     0 | D:1      | windgrace the Draconian Conjurer began the quest for the
                  | Orb.
     0 | D:1      | Reached XP level 1. HP: 14/14 MP: 3/3
  1013 | D:1      | Reached XP level 2. HP: 20/20 MP: 1/5
  1093 | D:1      | Learned a level 2 spell: Searing Ray
  1411 | D:2      | Found a shimmering blue altar of Sif Muna.
  1593 | D:2      | Reached XP level 3. HP: 26/26 MP: 1/6
  2135 | D:2      | Reached XP level 4. HP: 33/33 MP: 1/7
  2219 | D:2      | Learned a level 4 spell: Fulminant Prism
  2416 | D:3      | Noticed a centaur
  2560 | D:3      | Killed a centaur
  2561 | D:3      | Reached skill level 1 in Short Blades
  2561 | D:3      | Reached skill level 3 in Spellcasting
  2561 | D:3      | Reached skill level 5 in Conjurations
  2561 | D:3      | Reached XP level 5. HP: 34/39 MP: 2/9
  3615 | D:4      | Reached XP level 6. HP: 46/46 MP: 5/10
  3766 | D:4      | Reached skill level 1 in Fighting
  5134 | D:4      | Your scales start taking on a rich purple colour.
  5134 | D:4      | Reached skill level 4 in Spellcasting
  5134 | D:4      | Reached XP level 7. HP: 52/52 MP: 8/13
  5181 | D:4      | Learned a level 4 spell: Iskenderun's Mystic Blast
  5236 | D:5      | Entered Level 5 of the Dungeon
  5316 | D:5      | Found a staircase to the Ecumenical Temple.
  5324 | Temple   | Entered the Ecumenical Temple
  5426 | Temple   | Became a worshipper of Qazlal Stormbringer
  5718 | D:5      | Found a large runed translucent door.
  5718 | D:5      | Found a large runed translucent door.
  5724 | D:5      | Noticed dylex's ghost (weakling FeDe)
  5728 | D:5      | Killed dylex's ghost
  5829 | D:5      | Reached skill level 1 in Hexes
  6251 | D:5      | Found a blossoming altar of Fedhas.
  6255 | D:5      | Found a white marble altar of Elyvilon.
  6260 | D:5      | Found an ornate altar of the Wu Jian Council.
  6330 | D:5      | Found a hazy altar of Hepliaklqana.
  6477 | D:5      | Found a glowing silver altar of Zin.
  6477 | D:5      | Found a glowing golden altar of the Shining One.
  6534 | D:5      | Found a radiant altar of Vehumet.
  6534 | D:5      | Found a burning altar of Makhleb.
  6635 | D:5      | Reached skill level 5 in Spellcasting
  7121 | D:6      | Found a snail-covered altar of Cheibriados.
  7133 | D:6      | Reached XP level 8. HP: 61/61 MP: 8/15
  7204 | D:6      | Noticed Grinder
  7220 | D:6      | Paralysed by Grinder for 5 turns
  7244 | D:6      | Killed Grinder
  7898 | D:6      | Reached skill level 6 in Spellcasting
  8035 | D:6      | Reached * piety under Qazlal
  8678 | D:7      | Reached skill level 1 in Translocations
  8774 | D:7      | Reached skill level 7 in Spellcasting
  8922 | D:7      | Reached XP level 9. HP: 56/68 MP: 1/19
  9266 | D:7      | Noticed Menkaure
  9273 | D:7      | Killed Menkaure
  9355 | D:7      | Reached skill level 8 in Spellcasting
 10034 | D:7      | Got an ichor-stained war axe
 10295 | D:8      | Got a pair of polished boots
 10301 | D:8      | Identified the +0 pair of boots of Insatiable Hunger {Harm
                  | rF+ rN++ Dex-3} (You found it on level 8 of the Dungeon)
 10304 | D:8      | Reached ** piety under Qazlal
 10519 | D:8      | Reached skill level 9 in Spellcasting
 10537 | D:8      | Noticed Erica
 10551 | D:8      | Found Erhyune's Assorted Antiques.
 10551 | D:8      | Collided with a rock wall

Illustrated notes

Levels and vault maps discovered:
D:1:      heliophobic_arrival_dark_side_of_the_moon, layout_loops_ring
D:2:      layout_rooms, lemuel_round_altar, serial_park_tiny_pond
D:3:      layout_basic, roderic_batcave
D:4:      layout_loops_ring, roderic_lattice_a, minivault_25,
          minmay_misc_feat_rugged
D:5:      layout_loops_ring, grunt_temple_overflow_lords_of_destruction,
          grunt_temple_overflow_diamond, kennysheep_mini,
          gammafunk_temple_overflow_elements, minmay_temple_entry_slanted,
          ebering_ghost_disaster_area
D:6:      layout_gridville, cheibriados_altar_1, minmay_misc_feat_tiny,
          uniq_grinder
D:7:      layout_loops_ring, uniq_menkaure
D:8:      cheibrodos_wizards_tower, layout_cave_pools, serial_shops, shop,
          uniq_erica
Temple:   nicolae_temple_hex_pool

Skill      XL: |  1  2  3  4  5  6  7  8  9 |
---------------+----------------------------+-----
Stealth        | 2 3 4 |  4.1
Dodging        | 2 3 |  3.6
Short Blades   | 1 2 4 |  4.5
Spellcasting   | 3 4 5 7 9 |  9.2
Conjurations   | 5 6 7 8 |  8.6
Fighting       | 1 2 3 |  3.5
Hexes          | 1 2 3 |  3.1
Translocations | 1 |  1.3
Polearms       | |  0.3
Throwing       | |  0.4
Unarmed Combat | |  0.7
Evocations     | |  0.3

Action                   |  1- 3 |  4- 6 |  7- 9 || total
-------------------------+-------+-------+-------++-------
Melee: Unarmed           |    14 |       |       ||    14
       Dagger            |    49 |    73 |    62 ||   184
       Tailslap          |     6 |     4 |     5 ||    15
       Halberd           |       |     2 |     3 ||     5
       Staff             |       |       |     2 ||     2
Throw: Stone             |       |     3 |       ||     3
 Cast: Magic Dart        |    74 |    18 |    38 ||   130
       Searing Ray       |     5 |    19 |    78 ||   102
       Fulminant Prism   |       |     5 |    14 ||    19
       Iskenderun's Myst |       |       |    11 ||    11
Evoke: Wand              |       |       |     1 ||     1
  Use: Scroll            |     1 |     1 |     9 ||    11
       Potion            |     1 |       |       ||     1
 Stab: Sleeping          |     1 |     2 |       ||     3
Armor: Skin              |    18 |    25 |    23 ||    66
Dodge: Dodged            |    42 |    51 |    81 ||   174
